[Event "Late-Titled-Tuesday-Blitz-January-30-2024"]
[Site "Chess.com"]
[Date "2024.01.30"]
[Round "3"]
[White "picturesquecheck"]
[Black "shirovin"]
[Result "1-0"]
[WhiteElo "2349"]
[BlackElo "2047"]
[TimeControl "180+1"]
[EndTime "14:27:48 PST"]
[Termination "picturesquecheck won on time"]

1. e4 c5 2. d4 cxd4 3. c3 dxc3 4. Nxc3 Nc6 5. Nf3 e6 6. Bb5 Qc7 7. O-O Nf6 8. Bg5 Be7 9. Rc1 a6 10. Ba4 O-O 11. e5 Nxe5 12. Nd5 Nxf3+ 13. Qxf3 Qd8 14. Nc7 Rb8 15. Rfd1 b5 16. Bb3 Rb7 17. Bf4 d6 18.
Nxa6 Qb6 19. Nb4 e5 20. Be3 Qd8 21. Bg5 Bd7 22. Qxb7 h6 23. Bh4 Ng4 24. Bxe7 Qxe7 25. h3 Nf6 26. Nd5 Nxd5 27. Qxd5 Kh8 28. Qxd6 Qxd6 29.
Rxd6 Bf5 30. Rc5 1-0

[Event "Late-Titled-Tuesday-Blitz-January-30-2024"]
[Site "Chess.com"]
[Date "2024.01.30"]
[Round "3"]
[White "ChessSkool"]
[Black "Sebastian"]
[Result "0-1"]
[WhiteElo "2711"]
[BlackElo "2951"]
[TimeControl "180+1"]
[EndTime "14:27:50 PST"]
[Termination "Sebastian won by resignation"]

1. d4 d5 2. Nf3 Nf6 3. c3 e6 4. Bf4 c5 5. e3 Bd6 6. Bg3 O-O 7. Nbd2 Qc7 8. dxc5 Qxc5 9. Rc1 Bxg3 10. hxg3 Nc6 11. b4 Qe7 12. b5 Na5 13. Qa4 b6 14. Ne5 h6 15. Bd3 Bb7 16. Qh4 Rfe8 17. g4 Ne4 18. Qxe7 Rxe7 19. f3 Nxd2 20. Kxd2 f6 21. Ng6 Rc7 22.
f4 a6 23. g5 axb5 24. gxh6 gxh6 25. Rxh6 Nc4+ 26. Ke2 Rxa2+ 27. Kf3 d4+ 28. e4 Nd2+ 29. Kg4 Nxe4 30. Bxe4 Bxe4 31. g3 Bf5+ 32. Kf3 Kg7 33.
g4 Bxg6 0-1

[Event "Late-Titled-Tuesday-Blitz-January-30-2024"]
[Site "Chess.com"]
[Date "2024.01.30"]
[Round "3"]
[White "Road2GM3000"]
[Black "YurasovMat-2012"]
[Result "0-1"]
[WhiteElo "2498"]
[BlackElo "2676"]
[TimeControl "180+1"]
[EndTime "14:27:50 PST"]
[Termination "YurasovMat-2012 won by resignation"]

1. d4 d5 2. c4 c6 3. Nc3 Nf6 4.
Nf3 dxc4 5. a4 Bf5 6. Nh4 e6 7. Nxf5 exf5 8. e3 Bb4 9. Bxc4 O-O 10. O-O Re8 11. Qc2 Qd7 12. b3 a5 13. Bb2 Na6 14.
Bd3 g6 15. Rfe1 Rac8 16. Rad1 Nc7 17. h3 Ncd5 18. Nxd5 cxd5 19. Qe2 Bxe1 20. Qxe1 Qc7 21. Bb5 Red8 22. Ba3 Ne4 23. f3 Nd6 24. Rc1 Qe7 25. Rxc8 Rxc8 26. Qxa5 Qxe3+ 27. Kh1 Nxb5 28. Qxb5 f4 29.
Qxd5 Qe1+ 30. Kh2 Re8 31. Qg5 Qg3+ 32. Qxg3 fxg3+ 33. Kxg3 Re3 34. Bc5 Rxb3 35. a5 f6 36.
Kf4 Kf7 37. h4 Ke6 38. g4 Kd5 39. g5 f5 40. h5 Rb5 41. Bb6 Rb4 42. hxg6 hxg6 43.
Ke3 Rb3+ 44. Ke2 Kc4 45. Bc5 Rd3 46. Kf2 Kc3 47. Kg3 Kc4 48. Kf4 Rxd4+ 49. Bxd4 Kxd4 50. Kg3 Ke3 0-1

[Event "Late-Titled-Tuesday-Blitz-January-30-2024"]
[Site "Chess.com"]
[Date "2024.01.30"]
[Round "3"]
[White "GothamChess"]
[Black "Kombinator01"]
[Result "1-0"]
[WhiteElo "2751"]
[BlackElo "2475"]
[TimeControl "180+1"]
[EndTime "14:27:52 PST"]
[Termination "GothamChess won on time"]

1. d4 Nf6 2. Bg5 e6 3. Nd2 Be7 4. e3 d5 5. Bd3 h6 6. Bxf6 Bxf6 7. c3 Nd7 8. f4 c5 9. Ngf3 O-O 10. h4 Be7 11. g4 cxd4 12. cxd4 Re8 13. h5 Nf8 14. Ke2 e5 15. Nxe5 f6 16. Rg1 fxe5 17. dxe5 Ne6 18.
Nf3 Qb6 19. b3 Nc5 20. Bg6 Be6 21. g5 Ne4 22. Qd4 Bc5 23. Qd3 hxg5 24. Nxg5 Red8 25. h6 Nxg5 26. Rxg5 d4 27. Bf5 Bxf5 28. Rxg7+ Kh8 29. Qxf5 Qxh6 30. Rgg1 d3+ 31. Kf3 d2 32. Rh1 Qxh1+ 33. Rxh1+ Kg8 34. Rg1+ Kh8 35. Qf6+ 1-0

[Event "Late-Titled-Tuesday-Blitz-January-30-2024"]
[Site "Chess.com"]
[Date "2024.01.30"]
[Round "3"]
[White "aistrel"]
[Black "tarno17"]
[Result "0-1"]
[WhiteElo "2528"]
[BlackElo "2106"]
[TimeControl "180+1"]
[EndTime "14:27:52 PST"]
[Termination "tarno17 won by resignation"]

1. d4 d5 2. Bf4 Nf6 3. e3 e6 4. Nc3 b6 5. Nb5 Na6 6. Nf3 c6 7. Nc3 Bd6 8. Ne5 Bxe5 9. Bxe5 O-O 10. Qf3 Nb4 11. O-O-O c5 12. dxc5 bxc5 13. Bxf6 Qxf6 14. Qxf6 gxf6 15. Bb5 a6 16. Ba4 Bb7 17. a3 Nc6 18. Bxc6 Bxc6 19. Ne2 Rab8 20. Rhg1 Rb7 21. g4 Rfb8 22.
b3 c4 23. b4 a5 24. c3 axb4 25. axb4 Ra8 26. Kb2 Kg7 27. Nd4 Bd7 28. Ra1 Rba7 29.
f4 e5 30. Nf5+ Bxf5 31. gxf5+ Kh6 32. Rxa7 Rxa7 33. Rg3 Kh5 34. Rg7 exf4 35. exf4 Re7 36. h3 Kh4 37. Rxh7+ Kg3 38. b5 Kxf4 39. Ka3 Kxf5 40.
Kb4 Ke4 41. b6 f5 42. Kc5 f4 43. Kd6 Rb7 44. Kc6 Re7 45. b7 Re8 46. Rxf7 f3 47. Re7+ Rxe7 48. b8=Q Re5 49. Qb6 Re6+ 50. Kc5 Rxb6 51.
Kxb6 f2 0-1

[Event "Late-Titled-Tuesday-Blitz-January-30-2024"]
[Site "Chess.com"]
[Date "2024.01.30"]
[Round "3"]
[White "Binary010"]
[Black "Zura_19"]
[Result "1-0"]
[WhiteElo "2911"]
[BlackElo "2535"]
[TimeControl "180+1"]
[EndTime "14:27:53 PST"]
[Termination "Binary010 won by resignation"]

1. c4 f5 2. Nf3 Nf6 3. g3 g6 4. Bg2 Bg7 5. O-O O-O 6. d4 d6 7. Nc3 c6 8. Qc2 Qe8 9. d5 e5 10. dxe6 Bxe6 11. Bf4 Qe7 12. Rad1 Rd8 13. b3 Na6 14. e4 fxe4 15. Nxe4 Bf5 16. Nxf6+ Qxf6 17. Qd2 Nc5 18. Bg5 Qf7 19. Bxd8 Rxd8 20. Nh4 Be4 21. Rfe1 Bxg2 22. Nxg2 d5 23. Nf4 d4 24. b4 g5 25. Nh3 Ne6 26. Nxg5 Nxg5 27. Qxg5 Rf8 28. f4 Qxc4 29. Re7 Rf7 30. Re8+ Rf8 31. Rxf8+ Kxf8 32. Qf5+ Kg8 33. Re1 Qf7 34. Qxf7+ Kxf7 35. Kf2 Bf8 36. a3 b6 37. Ke2 c5 38. bxc5 Bxc5 39. a4 1-0

[Event "Late-Titled-Tuesday-Blitz-January-30-2024"]
[Site "Chess.com"]
[Date "2024.01.30"]
[Round "3"]
[White "Jenia84"]
[Black "ACollins05"]
[Result "0-1"]
[WhiteElo "2275"]
[BlackElo "2459"]
[TimeControl "180+1"]
[EndTime "14:27:53 PST"]
[Termination "ACollins05 won by resignation"]

1. Nf3 d5 2. g3 Nd7 3. Bg2 e5 4. O-O Ngf6 5. d3 Be7 6. e4 dxe4 7. dxe4 O-O 8. Nc3 c6 9. h3 Qc7 10. Be3 Rd8 11. Qe2 b6 12. a4 a5 13. Rfd1 Ba6 14. Qe1 h6 15. Nh4 Bc4 16. Nf5 Bf8 17. f4 Be6 18. Kh2 Rac8 19. Qf2 Bc5 20. Bxc5 Nxc5 21.
b3 exf4 22. Qxf4 Qxf4 23. gxf4 Kf8 24. Nd6 Rc7 25. e5 Ne8 26. f5 Bc8 27. Nc4 Rxd1 28. Rxd1 Bxf5 29. Nxb6 Bxc2 30. Rd8 Ke7 31. Rb8 Bxb3 32.
Nc8+ Ke6 33. Nb6 Re7 34. Bxc6 Nc7 35. Nb5 Nxb5 36. axb5 Kxe5 37. Na8 a4 38. b6 Kd6 39.
Re8 Rxe8 40. Bxe8 a3 0-1

[Event "Late-Titled-Tuesday-Blitz-January-30-2024"]
[Site "Chess.com"]
[Date "2024.01.30"]
[Round "3"]
[White "vladislavkovalev"]
[Black "blitis"]
[Result "1-0"]
[WhiteElo "2871"]
[BlackElo "2621"]
[TimeControl "180+1"]
[EndTime "14:27:56 PST"]
[Termination "vladislavkovalev won on time"]

1. e4 c5 2. Nf3 a6 3. c3 d5 4. exd5 Qxd5 5. d4 g6 6. Na3 Bg7 7. Bc4 Qd6 8. Ng5 Nh6 9. Ne4 Qc6 10. d5 Qb6 11. O-O O-O 12. Be3 Nd7 13. b4 Nf5 14. Bxc5 Nxc5 15. bxc5 Qa5 16. Qb3 Nh4 17. Rae1 Bf5 18.
Qb4 Qc7 19. Bb3 Rac8 20. Nc4 Bxe4 21. Rxe4 Nf5 22. Nb6 Rcd8 23. Rfe1 Kh8 24. g3 Rfe8 25. a4 Bf6 26. a5 Rf8 27. Bd1 h5 28. Rf4 Kg7 29. Bxh5 1-0

[Event "Late-Titled-Tuesday-Blitz-January-30-2024"]
[Site "Chess.com"]
[Date "2024.01.30"]
[Round "3"]
[White "carloseduar100"]
[Black "KaydenTroffChess"]
[Result "0-1"]
[WhiteElo "2317"]
[BlackElo "2852"]
[TimeControl "180+1"]
[EndTime "14:27:58 PST"]
[Termination "KaydenTroffChess won by checkmate"]

1. d4 Nf6 2. Bg5 d5 3. Bxf6 exf6 4. g3 c5 5. Bg2 Qb6 6. dxc5 Bxc5 7. e3 Qxb2 8. Nd2 d4 9. exd4 Qxd4 10. Qe2+ Be6 11. Rd1 Nc6 12. Ngf3 Qa4 13. O-O O-O 14. Nb3 Bb6 15.
h4 Qxa2 16. Nfd4 Nxd4 17. Nxd4 Bc4 18. Qg4 Bxd4 19. Rxd4 Bxf1 20. Bxf1 Qxc2 21. Bd3 Qc1+ 22. Kg2 Rfd8 23. h5 Qc6+ 24. Kh2 Qc5 25. Rc4 Qxf2+ 26. Kh3 Rxd3 27. Rc8+ Rd8 28. Rxa8 Rxa8 29. h6 g6 30. Qc4 Qe3 31. Kg2 Qxh6 32. Qc7 Qd2+ 33. Kh3 Qd5 34. Qe7 Kg7 35. Qc7 Qh1+ 36. Kg4 f5+ 37. Kf4 Qe4+ 38.
Kg5 h6# 0-1

[Event "Late-Titled-Tuesday-Blitz-January-30-2024"]
[Site "Chess.com"]
[Date "2024.01.30"]
[Round "3"]
[White "lupta_robin"]
[Black "Elprofessor21"]
[Result "1-0"]
[WhiteElo "2520"]
[BlackElo "2670"]
[TimeControl "180+1"]
[EndTime "14:27:59 PST"]
[Termination "lupta_robin won by resignation"]

1. c4 b6 2. d4 Bb7 3. Nc3 g6 4. e4 Bg7 5. Nf3 d6 6. Be2 Nf6 7. d5 O-O 8. Be3 Ng4 9. Bd4 Ne5 10. Nxe5 dxe5 11. Be3 f5 12. f3 f4 13. Bf2 Nd7 14. b4 a5 15. a3 Nf6 16. c5 Kh8 17. O-O g5 18. h3 h5 19. cxb6 cxb6 20. bxa5 bxa5 21. Rb1 Bc8 22. Na4 g4 23. Nb6 Rb8 24.
Nxc8 Rxb1 25. Qxb1 Qxc8 26. hxg4 hxg4 27. Rc1 Qe8 28. fxg4 Qg6 29. Rc3 Nxg4 30. Rh3+ Kg8 31. d6 Nxf2 32. Bc4+ e6 33. Kxf2 Rd8 34. Qb3 Rxd6 35.
Qb8+ Bf8 36. Rh8+ Kxh8 37. Qxf8+ Kh7 38. Qxd6 Qg3+ 39. Kf1 f3 40. Qe7+ Kh8 41. Qf6+ Kh7 42. Qxf3 Qg5 43. Be2 Qc1+ 44. Kf2 a4 45. Qe3 Qb1 46.
Bg4 Qb2+ 47. Kf3 Qb3 48. Qxb3 axb3 49. Bxe6 b2 50. Ba2 1-0

[Event "Late-Titled-Tuesday-Blitz-January-30-2024"]
[Site "Chess.com"]
[Date "2024.01.30"]
[Round "3"]
[White "TheAlienParty"]
[Black "ChessSwole"]
[Result "0-1"]
[WhiteElo "2385"]
[BlackElo "2582"]
[TimeControl "180+1"]
[EndTime "14:27:59 PST"]
[Termination "ChessSwole won by checkmate"]

1. c4 g6 2. Nf3 Bg7 3. g3 e6 4. Bg2 Ne7 5. h4 h6 6. h5 g5 7. d4 d5 8. b3 dxc4 9. bxc4 c5 10. Bb2 Nbc6 11. e3 Qb6 12. Qd2 cxd4 13. Nxd4 O-O 14. Bc3 Rd8 15. f4 Nxd4 16. Bxd4 Bxd4 17.
exd4 Rxd4 18. Qc3 gxf4 19. a3 Nf5 20. c5 Qd8 21. gxf4 Rd3 22. Qb2 Re3+ 23. Kf2 Qc7 24. Rh4 Nxh4 25. Kxe3 Qxc5+ 26. Kd3 Bd7 27. Bxb7 Bb5+ 28.
Ke4 f5# 0-1

[Event "Late-Titled-Tuesday-Blitz-January-30-2024"]
[Site "Chess.com"]
[Date "2024.01.30"]
[Round "3"]
[White "subham777"]
[Black "Sanyura"]
[Result "0-1"]
[WhiteElo "2491"]
[BlackElo "2663"]
[TimeControl "180+1"]
[EndTime "14:28:00 PST"]
[Termination "Sanyura won by checkmate"]

1. e4 c5 2. Nf3 e6 3. g3 d5 4.
exd5 exd5 5. d4 Nc6 6. Bg2 Bd6 7. O-O Nge7 8. dxc5 Bxc5 9. Nbd2 O-O 10. Nb3 Bb6 11. c3 Bg4 12. h3 Bh5 13. Re1 Re8 14. Be3 Bg6 15. Bxb6 Qxb6 16. Nfd4 Rad8 17. Qd2 a5 18. a4 Nxd4 19. Nxd4 Nc6 20. Rxe8+ Rxe8 21. Bxd5 Nxd4 22. cxd4 Rd8 23. Re1 h6 24. Be4 Rxd4 25. Bxg6 fxg6 26. Qc2 Kh7 27. Re3 Qd6 28. Qe2 Rd2 29. Qf3 Rxb2 30.
h4 h5 31. Re8 Rb1+ 32. Kg2 Ra1 33. Qf7 Qc6+ 34. f3 Qc2+ 35. Kh3 Rh1# 0-1

[Event "Late-Titled-Tuesday-Blitz-January-30-2024"]
[Site "Chess.com"]
[Date "2024.01.30"]
[Round "3"]
[White "sotochess"]
[Black "Iana_Shirova"]
[Result "1-0"]
[WhiteElo "2572"]
[BlackElo "2340"]
[TimeControl "180+1"]
[EndTime "14:28:00 PST"]
[Termination "sotochess won by checkmate"]

1. e4 e5 2. Nf3 d5 3. exd5 e4 4. Qe2 Nf6 5. d3 Qxd5 6. Nbd2 Nc6 7. Nxe4 Nxe4 8. dxe4 Qe6 9. c3 Bc5 10. Be3 Bxe3 11. Qxe3 Bd7 12. Ng5 Qe7 13. O-O-O O-O-O 14. Bc4 Ne5 15. Be2 c5 16. Rd5 Bc6 17. Rxc5 f6 18.
Nf3 Ng4 19. Rxc6+ bxc6 20. Ba6+ Kb8 21. Qf4+ Qc7 22. Qxg4 h5 23. Qg3 h4 24. Qxc7+ Kxc7 25.
Rd1 Kb6 26. Be2 Rxd1+ 27. Bxd1 g5 28. Nd4 Re8 29. f3 Rh8 30. h3 c5 31. Nf5 Rd8 32. Ne3 Rd6 33. Nc4+ Kc7 34. Nxd6 Kxd6 35. Kd2 Ke5 36. Ke3 a5 37. b3 Ke6 38. Be2 Ke5 39. Bd3 Kd6 40. a3 Ke5 41. b4 cxb4 42. cxb4 a4 43. Bb5 Kd6 44. Bxa4 Ke5 45. Bc2 f5 46. exf5 g4 47. hxg4 Kf6 48. f4 h3 49. g5+ Kg7 50.
gxh3 Kh7 51. f6+ Kh8 52. g6 Kg8 53. Bb3+ Kh8 54. g7+ Kh7 55. g8=Q+ Kh6 56. Qg5+ Kh7 57. Bg8+ Kh8 58. Qg7# 1-0

[Event "Late-Titled-Tuesday-Blitz-January-30-2024"]
[Site "Chess.com"]
[Date "2024.01.30"]
[Round "3"]
[White "Eduard_Limonov"]
[Black "DeTimmerman"]
[Result "1-0"]
[WhiteElo "2882"]
[BlackElo "2680"]
[TimeControl "180+1"]
[EndTime "14:28:01 PST"]
[Termination "Eduard_Limonov won by resignation"]

1. e4 e5 2. Nf3 Nc6 3. Nc3 Nf6 4. Be2 Be7 5. d4 d6 6. d5 Nb8 7. a4 O-O 8. O-O c6 9. Nd2 cxd5 10. exd5 Na6 11. Nc4 Nc7 12. f4 exf4 13. Bxf4 b6 14.
Qd4 Bb7 15. Bf3 Qd7 16. Rae1 Rfe8 17. h3 Rad8 18. Ne3 Na6 19. b4 Rc8 20. Nb5 Ba8 21. c3 Rcd8 22. Nc4 Nc7 23. Nxc7 Qxc7 24. Ne3 Bb7 25. Nf5 Bc8 26. Nxe7+ Rxe7 27. Bg5 Rde8 28. Rxe7 Qxe7 29. c4 Qe5 30. Qxe5 dxe5 31. Bxf6 gxf6 32. c5 e4 33. Be2 bxc5 34. bxc5 f5 35. d6 Bd7 36.
Bb5 Rd8 37. Bxd7 Rxd7 38. Rd1 e3 39. Kf1 Rb7 40. d7 1-0

[Event "Late-Titled-Tuesday-Blitz-January-30-2024"]
[Site "Chess.com"]
[Date "2024.01.30"]
[Round "3"]
[White "Chesstrainer1"]
[Black "azikom"]
[Result "0-1"]
[WhiteElo "2510"]
[BlackElo "2732"]
[TimeControl "180+1"]
[EndTime "14:28:01 PST"]
[Termination "azikom won on time"]

1. e4 c6 2. d4 d5 3. e5 Bf5 4. h4 Qb6 5. Nc3 Na6 6. g4 Bd7 7.
a3 e6 8. b4 h5 9. gxh5 Nh6 10.
Nf3 Nf5 11. Bh3 Rxh5 12. Bg4 Rh8 13. h5 Nc7 14. Na4 Qa6 15. Nc5 Bxc5 16. bxc5 b6 17. cxb6 axb6 18. a4 c5 19. Rg1 Qc4 20. Bxf5 exf5 21.
Rxg7 Ne6 22. Rg1 Rxa4 23. Rb1 Rb4 24. Rxb4 Qxb4+ 25. Bd2 Qb2 26. Bc1 Qb1 27. dxc5 bxc5 28. h6 Qb4+ 29. Bd2 Qe4+ 30. Qe2 d4 0-1

[Event "Late-Titled-Tuesday-Blitz-January-30-2024"]
[Site "Chess.com"]
[Date "2024.01.30"]
[Round "3"]
[White "IlanSchnaider"]
[Black "Cambek64"]
[Result "0-1"]
[WhiteElo "2661"]
[BlackElo "2518"]
[TimeControl "180+1"]
[EndTime "14:28:02 PST"]
[Termination "Cambek64 won by checkmate"]

1. e4 e6 2. d4 d5 3. Nd2 Nc6 4. Ngf3 Nf6 5. e5 Nd7 6. Be2 f6 7. exf6 Nxf6 8. Nf1 Bd6 9. Ng3 O-O 10. O-O e5 11.
dxe5 Nxe5 12. b3 c6 13. Bb2 Neg4 14. Nd4 Qc7 15. Bf3 Bd7 16. Qd2 Bf4 17. Qd3 a6 18. c4 Ne5 19. Qd1 c5 20. Nc2 d4 21. Bd5+ Nxd5 22. cxd5 Qd6 23. Re1 Qxd5 24. Ne3 Qf7 25.
Nc4 Bxg3 26. fxg3 Nxc4 27. bxc4 Qf2+ 28. Kh1 Bc6 29. Rg1 Rae8 30. Qg4 Re2 31. Qh3 Rxb2 32. Qe6+ Kh8 33. Qh3 h6 34. Rae1 Rxa2 35. Re6 Qxg1+ 36. Kxg1 Ra1+ 37. Re1 Rxe1# 0-1

[Event "Late-Titled-Tuesday-Blitz-January-30-2024"]
[Site "Chess.com"]
[Date "2024.01.30"]
[Round "3"]
[White "pavet"]
[Black "koncheto"]
[Result "1-0"]
[WhiteElo "2774"]
[BlackElo "2516"]
[TimeControl "180+1"]
[EndTime "14:28:03 PST"]
[Termination "pavet won by resignation"]

1. e4 c5 2. Nf3 d6 3. d4 cxd4 4. Nxd4 Nf6 5. Nc3 Nc6 6. Bg5 e6 7. Qd2 a6 8. O-O-O Bd7 9. f4 b5 10. Nxc6 Bxc6 11. Bd3 Be7 12. Rhe1 Qb6 13. e5 Nd5 14.
Bxe7 Kxe7 15. exd6+ Kxd6 16. Nxd5 Bxd5 17. f5 Rad8 18. Qf4+ Ke7 19. Qg5+ Kf8 20. fxe6 Bxe6 21. Bf5 Rxd1+ 22. Rxd1 f6 23. Qg4 Qe3+ 24. Kb1 h5 25.
Qb4+ Kf7 26. Re1 Rd8 27. Bxe6+ Qxe6 28. a4 Rd4 29. Qc3 Qd7 30. Qf3 h4 31. Qh5+ Kf8 32.
axb5 axb5 33. b3 Rd5 34. Qh8+ Kf7 35. Qxh4 Rd1+ 36. Rxd1 Qxd1+ 37. Kb2 Qe2 38. g3 g5 39. Qh7+ Ke6 40. Qg8+ Kf5 41. Qc8+ Kg6 42. Qg8+ Kf5 43.
Qd5+ Kg6 44. h4 b4 45. hxg5 fxg5 46. Qd6+ Kh5 47. Qxb4 Qe5+ 48. Qc3 Qxc3+ 49. Kxc3 Kg4 50. b4 Kxg3 51. b5 Kh3 52. b6 g4 53. b7 g3 54.
b8=Q g2 1-0

[Event "Late-Titled-Tuesday-Blitz-January-30-2024"]
[Site "Chess.com"]
[Date "2024.01.30"]
[Round "3"]
[White "guillembaches"]
[Black "DonJuanEGenaro"]
[Result "1-0"]
[WhiteElo "2544"]
[BlackElo "2012"]
[TimeControl "180+1"]
[EndTime "14:28:04 PST"]
[Termination "guillembaches won by resignation"]

1. d4 d5 2. Nf3 e6 3. Bg5 Qd6 4. Nbd2 Be7 5. Bxe7 Nxe7 6. e3 Nd7 7. Bd3 e5 8. dxe5 Nxe5 9. Nxe5 Qxe5 10. c3 Qg5 11. O-O c6 12. e4 O-O 13. f4 Qh6 14. e5 Bf5 15. Nb3 f6 16. Nd4 Bxd3 17. Qxd3 fxe5 18.
fxe5 Qh5 19. Nf3 Rae8 20. Rae1 Ng6 21. Qd4 b6 22. c4 Nf4 23. cxd5 cxd5 24. Kh1 Kh8 25. Qd2 Rf5 26. a3 Qf7 27. b4 Qd7 28.
Nd4 Rff8 29. Rxf4 1-0

[Event "Late-Titled-Tuesday-Blitz-January-30-2024"]
[Site "Chess.com"]
[Date "2024.01.30"]
[Round "3"]
[White "NoHeThTo"]
[Black "LiemLe"]
[Result "0-1"]
[WhiteElo "2650"]
[BlackElo "3051"]
[TimeControl "180+1"]
[EndTime "14:28:05 PST"]
[Termination "LiemLe won by resignation"]

1. d4 Nf6 2. Nc3 d5 3. Bf4 c5 4. e4 Nxe4 5. Nxe4 dxe4 6. dxc5 Qa5+ 7. c3 Qxc5 8. Qa4+ Nc6 9. Qxe4 g6 10. Nf3 Bg7 11.
Qe3 Qxe3+ 12. Bxe3 O-O 13. Bb5 Bd7 14. Rd1 Rfd8 15.
O-O Be8 16. Rfe1 b6 17. Bg5 f6 18. Be3 e5 19. Kf1 Kf8 20. Nd2 Ne7 21. Bxe8 Kxe8 22. Ne4 Nd5 23. c4 Nxe3+ 24. fxe3 f5 25. Ng5 Bf6 26. Nf3 e4 27. Nd4 Rd7 28. Ke2 Rad8 29. Nb5 Bxb2 30. Rxd7 Rxd7 31. Rb1 Be5 32. g3 a6 33. Na3 Bc3 34. Rd1 Rxd1 35. Kxd1 Kd7 36. Kc2 Bb4 37. Nb1 Kc6 38. a3 Bc5 39. Kd2 h5 40. a4 Bb4+ 41. Kc2 Kc5 42. Kb3 g5 43. h3 g4 44. hxg4 fxg4 0-1

[Event "Late-Titled-Tuesday-Blitz-January-30-2024"]
[Site "Chess.com"]
[Date "2024.01.30"]
[Round "3"]
[White "farzadbfd"]
[Black "HansOnTwitch"]
[Result "0-1"]
[WhiteElo "2679"]
[BlackElo "3204"]
[TimeControl "180+1"]
[EndTime "14:28:07 PST"]
[Termination "HansOnTwitch won by resignation"]

1. e4 c6 2. d4 d5 3. exd5 cxd5 4. Bd3 Nc6 5. c3 Nf6 6. Bf4 g6 7. Nf3 Nh5 8. Bg3 Bg7 9. O-O Nxg3 10. hxg3 O-O 11. Nbd2 Bg4 12. a4 Rc8 13. Re1 a6 14.
Nb3 Re8 15. Nc5 e5 16. dxe5 Nxe5 17. Nb3 Nxf3+ 18. gxf3 Rxe1+ 19. Qxe1 Bxf3 20. Qe3 Bg4 21. Bf1 Be6 22. Nd4 Qb6 23. Nxe6 Qxe3 24. fxe3 fxe6 25. Ra3 Bf8 26. Rb3 Rc7 27. Rb6 Kf7 28. Bh3 Re7 29. Kf2 h5 30. Kf3 g5 31. g4 h4 32. e4 dxe4+ 33.
Kxe4 Rc7 34. Ke5 Rc5+ 35. Ke4 Rc7 36. Ke5 Rd7 37. Bg2 Bg7+ 38. Ke4 Bf8 39. Ke5 Bg7+ 40. Ke4 Rd2 41. Rxb7+ Kf6 42. Kf3 Bf8 43. Bf1 Bc5 44.
Bc4 h3 45. Rh7 h2 46. Bxa6 Rxb2 47. Rh6+ Kg7 48. Rh5 Bd6 49. Bc8 Rb1 50. Kg2 Rg1+ 51. Kf2 h1=Q 52. Rxh1 Rxh1 53. a5 Ra1 54. a6 Kf6 55. Kf3 Ra4 56. Bb7 e5 0-1

[Event "Late-Titled-Tuesday-Blitz-January-30-2024"]
[Site "Chess.com"]
[Date "2024.01.30"]
[Round "3"]
[White "Mackster23"]
[Black "toninhojit"]
[Result "0-1"]
[WhiteElo "2648"]
[BlackElo "2507"]
[TimeControl "180+1"]
[EndTime "14:28:07 PST"]
[Termination "toninhojit won by resignation"]

1. e4 e5 2. Nf3 Nc6 3. Bc4 Nf6 4.
d4 exd4 5. O-O d6 6. Nxd4 Be7 7.
Nc3 O-O 8. h3 Bd7 9. Nde2 Re8 10.
Ng3 Be6 11. Nd5 Bxd5 12. exd5 Ne5 13. Bb3 g6 14. f4 Ned7 15. c3 Nc5 16. Bc2 Bf8 17. Qf3 a5 18. f5 Bg7 19. Bg5 h6 20.
fxg6 hxg5 21. gxf7+ Kxf7 22. Qh5+ Kg8 23. Qxg5 Nfe4 24.
Qg6 Qg5 25. Qf7+ Kh8 26. Nxe4 Nxe4 27. Rf5 Qe3+ 28. Kh2 Be5+ 29. Rxe5 Rxe5 30. Rf1 Qg3+ 31. Kg1 Rg8 32. Bxe4 Qe3+ 33. Kh1 Qxe4 34. Qf6+ Kh7 35. Rf2 Reg5 36. Qf7+ R8g7 37. Qf3 Qxf3 38. Rxf3 0-1

[Event "Late-Titled-Tuesday-Blitz-January-30-2024"]
[Site "Chess.com"]
[Date "2024.01.30"]
[Round "3"]
[White "j_coca"]
[Black "RebecaJimnz"]
[Result "0-1"]
[WhiteElo "2485"]
[BlackElo "2312"]
[TimeControl "180+1"]
[EndTime "14:28:08 PST"]
[Termination "RebecaJimnz won by resignation"]

1. f4 g6 2. Nf3 Bg7 3. e3 d5 4. d4 Nf6 5. c3 O-O 6. Bd3 c5 7. O-O b6 8. Ne5 Bb7 9. Nd2 Nc6 10. Rf3 Rc8 11. Rh3 e6 12. Qf3 Ne7 13. g4 Qd6 14. g5 Nd7 15. Qg4 Rfd8 16. Qh4 Nf8 17. Ng4 Nf5 18. Bxf5 exf5 19. Nh6+ Bxh6 20. gxh6 Re8 21.
Nf3 cxd4 22. exd4 Re2 23. Bd2 Rce8 24. b3 Ba6 25. Rd1 Bd3 26. Ne5 Bc2 27. Rc1 Rxd2 28.
Qe1 Rd3 29. Rxc2 Rxh3 30. Qf1 Rxh6 31. Rg2 Nd7 32. Qf3 Nxe5 33. fxe5 Qe7 34. Qxd5 Qh4 35. Rf2 Qg5+ 36. Kh1 Qc1+ 37. Kg2 Rh4 38. h3 Qe3 39. Qf3 Qxf3+ 40. Rxf3 Re4 41. Kf2 Rc8 42. Rd3 Kf8 43. Kf3 Ke7 44. a4 a6 45. b4 b5 46. a5 Ke6 47. Kf2 Kd5 48. Kf3 Kc4 49. Rd1 Rd8 50.
Rc1 Kb3 51. Rh1 Kxc3 52. h4 Rdxd4 53. h5 Rd3+ 54. Kf2 Rxb4 55. Rc1+ Kd4 56. hxg6 Rb2+ 57. Ke1 hxg6 58. Rc7 Rh3 0-1

[Event "Late-Titled-Tuesday-Blitz-January-30-2024"]
[Site "Chess.com"]
[Date "2024.01.30"]
[Round "3"]
[White "yaguigor"]
[Black "emeli_chess"]
[Result "0-1"]
[WhiteElo "2623"]
[BlackElo "2493"]
[TimeControl "180+1"]
[EndTime "14:28:10 PST"]
[Termination "emeli_chess won by resignation"]

1. Nf3 f5 2. d4 Nf6 3. g3 g6 4. Bg2 Bg7 5. O-O O-O 6. c4 d6 7. Nc3 c6 8. d5 e5 9. dxe6 Bxe6 10. b3 Ne4 11. Nxe4 Bxa1 12. Bg5 Qc7 13. Qxa1 fxe4 14.
Nd4 Re8 15. Bxe4 Bh3 16. Bg2 Bxg2 17. Kxg2 Nd7 18. e4 Rxe4 19. Rd1 Rae8 20. Nf3 Ne5 21. Nd4 Nf7 22. Bf6 Qd7 23. h3 Nh6 24. Qc3 Nf5 25.
Nf3 Re2 26. Rd3 Qe6 27. Ng5 Rxf2+ 28. Kxf2 Qe2+ 29. Kg1 Ne3 30. Rd2 Qe1+ 31. Kh2 Qxd2+ 32. Qxd2 Nf1+ 33. Kg2 Nxd2 34. Bc3 Ne4 35. Be1 Nxg5 0-1

[Event "Late-Titled-Tuesday-Blitz-January-30-2024"]
[Site "Chess.com"]
[Date "2024.01.30"]
[Round "3"]
[White "vugarrasulov"]
[Black "Jagerrmeisterr"]
[Result "1-0"]
[WhiteElo "2954"]
[BlackElo "2718"]
[TimeControl "180+1"]
[EndTime "14:28:15 PST"]
[Termination "vugarrasulov won on time"]

1. e4 c6 2. Nf3 d5 3. d3 Qc7 4.
Nc3 Nf6 5. e5 Nfd7 6. d4 e6 7.
Bd3 c5 8. O-O Nc6 9. Bf4 a6 10. dxc5 Nxc5 11. Re1 b5 12. a3 Be7 13. Bg3 Qd7 14. b4 Nxd3 15. cxd3 h5 16. h4 Bb7 17. Rc1 Rc8 18. Ne2 d4 19. Qd2 a5 20. bxa5 Bxa3 21. Rb1 b4 22. Qg5 Kf8 23. Qf4 Nxa5 24. Nexd4 Bd5 25.
Ng5 b3 26. Qd2 Ra8 27. Ra1 Bc5 28. Rxa5 Bxd4 29. Qb4+ Ke8 30. Rxa8+ Bxa8 31. Qxb3 Ba7 32. Ra1 1-0

[Event "Late-Titled-Tuesday-Blitz-January-30-2024"]
[Site "Chess.com"]
[Date "2024.01.30"]
[Round "3"]
[White "DavidGavrilescu18"]
[Black "GHANDEEVAM2003"]
[Result "0-1"]
[WhiteElo "2770"]
[BlackElo "3038"]
[TimeControl "180+1"]
[EndTime "14:28:16 PST"]
[Termination "GHANDEEVAM2003 won by resignation"]

1. e4 d6 2. d4 g6 3. Nf3 Bg7 4. Bd3 Nc6 5. c3 e5 6. h3 Nf6 7. O-O O-O 8. Re1 Re8 9. d5 Nb8 10. c4 a5 11. Nc3 Na6 12. a3 Nh5 13. b4 Nf4 14. Bf1 f5 15. Rb1 fxe4 16. Nxe4 Bf5 17.
Rb3 axb4 18. axb4 Rf8 19. Bxf4 exf4 20. Neg5 Re8 21. Bd3 Bd7 22. Ne6 Bxe6 23. dxe6 c6 24.
Bb1 Qe7 25. Qd2 Rf8 26. Rd3 Rad8 27. Ba2 Nc7 28. Qe2 Rf6 29. c5 d5 30. Nd4 Rff8 31.
Qg4 Ra8 32. Bb1 Ra1 33. Rdd1 Rxb1 34. Nxc6 bxc6 35. Rxb1 f3 36. g3 Nb5 37. Re3 Rf5 38. Rbe1 Nd4 39. Kh2 Nc2 40. b5 Nxe1 41. Rxe1 Qxc5 42.
Re3 Qxe3 43. fxe3 f2 44. e7 Kf7 45. Qe4 dxe4 0-1